 Dungeon Crawl Stone Soup version 0.25.1-2-g60ff931df9 (webtiles) character file.

Game seed: 11609510681670183760

726026 Elvor the Conqueror (level 27, -6/286 HPs)
             Began as a Minotaur Fighter on Aug 31, 2020.
             Was the Champion of Okawaru.
             Killed from afar by a starcursed mass (12 damage)
             ... with an accursed screaming
             ... on level 3 of the Abyss on Sept 3, 2020.
             The game lasted 14:51:12 (78887 turns).

Elvor the Conqueror (Minotaur Fighter)             Turns: 78887, Time: 14:51:12

Health: -6/286     AC: 28    Str: 31      XL:     27
Magic:  35/35      EV: 14    Int:  4 (10) God:    Okawaru [******]
Gold:   809        SH: 37    Dex: 12      Spells: 17/39 levels left

rFire    + + +     SeeInvis .   y - +6 demon whip of Uskayaw's Generosity {freeze, rC+}
rCold    + + +     Gourm    .   E - +18 shield of the Gong {rElec rN+ MR+ EV-5}
rNeg     + + .     Faith    +   M - +6 chain mail of Protective Custody {rF++ rC++ Dex+4}
rPois    +         Spirit   .   (helmet unavailable)
rElec    +         Reflect  .   U - +2 cloak {rCorr}
rCorr    +         Harm     .   c - +2 pair of gloves {Str+3}
MR       ++++.     Rnd*Rage +   o - +2 pair of boots {run}
Stlth    ..........             x - amulet of faith
HPRegen  0.57/turn              u - ring "Nocycafi" {Wiz *Contam rC++ MR+ Int+3}
MPRegen  0.24/turn              l - ring of Jolodwoj {rPois rN+ Stlth+}

@: berserking (expiring), about to teleport, very quick
A: retaliatory headbutt, claws 1, horns 3, berserk 1[+2], blurry vision 1,
[clumsy 2], [deformed body], [deterioration 2], fire resistance 1, frail 1[+2],
high mp 1, screaming 1, weak 1, [subdued magic 2]
}: 4/15 runes: serpentine, barnacled, slimy, silver
a: Heroism, Finesse, Renounce Religion


You were on level 3 of the Abyss.
You worshipped Okawaru.
Okawaru was exalted by your worship.
You were not hungry.

You visited 10 branches of the dungeon, and saw 50 of its levels.
You visited the Abyss 2 times.
You visited 1 bazaar.
You also visited: Sewer, Gauntlet and Ice Cave.

You collected 8668 gold pieces.
You spent 7859 gold pieces at shops.

Inventory:

Hand Weapons
 i - a +1 hunting sling of freezing
 t - the +7 mace of the Lumpy People {drain, rN++}
   (Okawaru gifted it to you on level 2 of the Orcish Mines)

   A truly terrible weapon, it drains the life of those it strikes.
   It greatly protects you from negative energy.
 w - the +7 mace of Okawaru's Approval {flame, SInv}
   (Okawaru gifted it to you on level 1 of the Abyss)

   It has been specially enchanted to burn those struck by it, causing extra
   injury to most foes and up to half again as much damage against particularly
   susceptible opponents.
   It lets you see invisible.
 y - the +6 demon whip of Uskayaw's Generosity (weapon) {freeze, rC+}
   (You found it on level 3 of the Elven Halls)

   It has been specially enchanted to freeze those struck by it, causing extra
   injury to most foes and up to half again as much damage against particularly
   susceptible opponents.
   It can also slow down cold-blooded creatures.
   It protects you from cold.
 B - a +2 sacred scourge of holy wrath
Missiles
 g - 67 boomerangs (quivered)
 r - 2 atropa-tipped darts
 z - 85 javelins
 G - 8 boomerangs of dispersal
Armour
 c - a +2 pair of gloves of strength (worn)
 o - a +2 pair of boots of running (worn)
 E - the +18 shield of the Gong (worn) {rElec rN+ MR+ EV-5}
   (You found it on level 5 of the Vaults)

   It affects your evasion (-5).
   It insulates you from electricity.
   It protects you from negative energy.
   It affects your resistance to hostile enchantments.
 I - a +2 kite shield of reflection
 M - the +6 chain mail of Protective Custody (worn) {rF++ rC++ Dex+4}
   (Okawaru gifted it to you on level 5 of the Depths)

   It affects your dexterity (+4).
   It greatly protects you from fire.
   It greatly protects you from cold.
 U - a +2 cloak of preservation (worn)
Jewellery
 l - the ring of Jolodwoj (right hand) {rPois rN+ Stlth+}
   (You found it on level 6 of the Lair of Beasts)

   [ring of stealth]

   It protects you from poison.
   It protects you from negative energy.
   It makes you more stealthy.
 u - the ring "Nocycafi" (left hand) {Wiz *Contam rC++ MR+ Int+3}
   (You found it on level 2 of the Vaults)

   [ring of wizardry]

   It improves your spell success rate.
   It affects your intelligence (+3).
   It greatly protects you from cold.
   It affects your resistance to hostile enchantments.
   It causes magical contamination when unequipped.
 x - an amulet of faith (around neck)
 P - the ring of the Leaf {MP-9 Str+4 Dex+3 Slay+3 SInv}
   (You found it on level 3 of the Elven Halls)

   [ring of see invisible]

   It affects your strength (+4).
   It affects your dexterity (+3).
   It affects your accuracy and damage with ranged weapons and melee attacks
   (+3).
   It affects your magic capacity (-9).
   It lets you see invisible.
 Z - the ring of Guwewug {+Blink rElec rF+}
   (You found it on level 5 of the Pits of Slime)

   [ring of protection from fire]

   It protects you from fire.
   It insulates you from electricity.
   It lets you blink.
Wands
 h - a wand of iceblast (29)
 n - a wand of digging (28)
 v - a wand of enslavement (44)
 A - a wand of polymorph (52)
 D - a wand of acid (38)
 K - a wand of flame (124)
 Q - a wand of paralysis (35)
 V - a wand of disintegration (45)
 Y - a wand of clouds (28)
Scrolls
 a - 20 scrolls of teleportation
 b - 2 scrolls of blinking
 s - 8 scrolls of immolation
 C - 25 scrolls of remove curse
 F - 2 scrolls of identify
 H - 4 scrolls of fog
 J - a scroll of acquirement
 L - 4 scrolls of fear
 R - 12 scrolls of magic mapping
 X - 2 scrolls of summoning
Potions
 d - 3 potions of might
 e - 6 potions of resistance
 j - 26 potions of curing
 k - 6 potions of berserk rage
 m - 12 potions of haste
 p - 13 potions of flight
 q - 13 potions of lignification
 O - 6 potions of cancellation
 S - 3 potions of heal wounds
Comestibles
 f - 24 rations


   Skills:
 O Level 27 Fighting
 + Level 23.6 Maces & Flails
 - Level 16.0 Throwing
 + Level 19.5 Armour
 * Level 19.1 Dodging
 - Level 0.1 Stealth
 + Level 26.1 Shields
 * Level 6.7 Spellcasting
 + Level 0.1 Summonings
 + Level 0.1 Transmutations
 + Level 6.4 Invocations
 + Level 4.1 Evocations


You had 17 spell levels left.
You knew the following spells:

 Your Spells              Type           Power        Failure   Level  Hunger
a - Blink                 Tloc           N/A          34%         2    ###....
b - Slow                  Hex            #.......     34%         2    ###....
c - Silence               Hex/Air        #.........   99%         5    ######.
d - Passwall              Tmut/Erth      #.......     32%         2    ###....
e - Petrify               Tmut/Erth      #.......     91%         4    #####..
f - Swiftness             Chrm/Air       #.......     34%         2    ###....
g - Summon Butterflies    Summ           #.......     21%         1    ##.....
h - Teleport Other        Tloc           #.......     56%         3    ####...
i - Apportation           Tloc           #.....       22%         1    ##.....

Your spell library contained the following spells:

 Spells                   Type           Power        Failure   Level  Hunger
 Beastly Appendage        Tmut           #.....       21%         1    ##.....
 Summon Small Mammal      Summ           #...         21%         1    ##.....
 Animate Skeleton         Necr           N/A          22%         1    ##.....
 Corona                   Hex            #......      22%         1    ##.....
 Foxfire                  Conj/Fire      #...         22%         1    ##.....
 Freeze                   Ice            #...         22%         1    ##.....
 Magic Dart               Conj           #...         22%         1    ##.....
 Pain                     Necr           #...         22%         1    ##.....
 Sandblast                Erth           #.....       22%         1    ##.....
 Shock                    Conj/Air       #...         22%         1    ##.....
 Sting                    Tmut/Pois      #...         22%         1    ##.....
 Call Imp                 Summ           #.......     32%         2    ###....
 Sticks to Snakes         Tmut           #.......     32%         2    ###....
 Corpse Rot               Necr/Air       N/A          34%         2    ###....
 Ensorcelled Hibernation  Hex/Ice        #.....       34%         2    ###....
 Poisonous Vapours        Pois/Air       #.....       34%         2    ###....
 Searing Ray              Conj           #.....       34%         2    ###....
 Shroud of Golubria       Chrm/Tloc      #.....       34%         2    ###....
 Sublimation of Blood     Necr           #.........   34%         2    ###....
 Call Canine Familiar     Summ           #.......     54%         3    ####...
 Ignite Poison            Fire/Tmut/Pois #.......     54%         3    ####...
 Recall                   Summ/Tloc      N/A          54%         3    ####...
 Spider Form              Tmut/Pois      #.........   54%         3    ####...
 Confusing Touch          Hex            #.......     56%         3    ####...
 Conjure Flame            Conj/Fire      #.......     56%         3    ####...
 Dazzling Flash           Conj/Hex       #.....       56%         3    ####...
 Gell's Gravitas          Tloc           #.........   56%         3    ####...
 Inner Flame              Hex/Fire       #.......     56%         3    ####...
 Lesser Beckoning         Tloc           #.........   56%         3    ####...
 Mephitic Cloud           Conj/Pois/Air  #.......     56%         3    ####...
 Static Discharge         Conj/Air       #.......     56%         3    ####...
 Stone Arrow              Conj/Erth      #.....       56%         3    ####...
 Tukima's Dance           Hex            #.......     56%         3    ####...
 Vampiric Draining        Necr           #.........   56%         3    ####...
 Ice Form                 Ice/Tmut       #.......     91%         4    #####..
 Summon Ice Beast         Ice/Summ       #.......     91%         4    #####..
 Summon Lightning Spire   Summ/Air       #.......     91%         4    #####..
 Airstrike                Air            #.........   92%         4    #####..
 Animate Dead             Necr           N/A          92%         4    #####..
 Cause Fear               Hex            #.........   92%         4    #####..
 Dispel Undead            Necr           #.......     92%         4    #####..
 Fulminant Prism          Conj/Hex       #.........   92%         4    #####..
 Iskenderun's Mystic Bla  Conj/Tloc      #.......     92%         4    #####..
 Leda's Liquefaction      Hex/Erth       #.........   92%         4    #####..
 Olgreb's Toxic Radiance  Pois           #.......     92%         4    #####..
 Passage of Golubria      Tloc           N/A          92%         4    #####..
 Sticky Flame             Conj/Fire      #.......     92%         4    #####..
 Agony                    Necr           #.......     99%         5    ######.
 Alistair's Intoxication  Tmut/Pois      #.......     99%         5    ######.
 Aura of Abjuration       Summ           #.........   99%         5    ######.
 Blade Hands              Tmut           #.........   99%         5    ######.
 Excruciating Wounds      Chrm/Necr      #.........   99%         5    ######.
 Fireball                 Conj/Fire      #.........   99%         5    ######.
 Irradiate                Conj/Tmut      #.........   99%         5    ######.
 Lee's Rapid Deconstruct  Erth           #.........   99%         5    ######.
 Lightning Bolt           Conj/Air       #.........   99%         5    ######.
 Summon Demon             Summ           #.........   99%         5    ######.
 Summon Forest            Summ/Tloc      #.........   99%         5    ######.
 Summon Mana Viper        Hex/Summ       #.......     99%         5    ######.
 Conjure Ball Lightning   Conj/Air       #.........   100%        6    #######
 Eringya's Noxious Bog    Tmut/Pois      #.........   100%        6    #######
 Hydra Form               Tmut           #.........   100%        6    #######
 Invisibility             Hex            #.......     100%        6    #######
 Shadow Creatures         Summ           N/A          100%        6    #######
 Statue Form              Tmut/Erth      #........    100%        6    #######
 Dragon Form              Tmut           #.........   100%        7    #######
 Summon Hydra             Summ           #.........   100%        7    #######
 Ignition                 Fire           #.........   100%        8    #######
 Dragon's Call            Summ           #.........   100%        9    #######
 Tornado                  Air            #.........   100%        9    #######


Dungeon Overview and Level Annotations

Branches:
Dungeon (15/15)            Temple (1/1) D:6            Lair (6/6) D:11
 Shoals (4/4) Lair:4        Snake (4/4) Lair:2        Slime (5/5) Lair:5
    Orc (2/2) D:10            Elf (3/3) Orc:2        Vaults (5/5) D:13
  Crypt (0/3) Vaults:2     Depths (5/5) D:15            Zot (0/5) Depths:5
  Sewer (visited)           IceCv (visited)         Gauntlet (visited)

Altars:
Ashenzari
Cheibriados
Dithmenos
Elyvilon
Fedhas
Gozag
Hepliaklqana
Kikubaaqudgha
Makhleb
Nemelex Xobeh
Okawaru
Qazlal
Ru
Sif Muna
Trog
Uskayaw
Vehumet
Wu Jian
Xom
Yredelemnul
Zin
The Shining One
Beogh
Jiyva
Lugonu

Shops:
D:4 *   D:9 %   D:14 !   Orc:2 :}=[(   Elf:1 :   Snake:3 ?   Vaults:1 ([
Vaults:3 !   Vaults:4 *   Depths:1 =*(   Depths:4 }==

Portals:
Hell: Depths:1 Depths:2 Depths:3 Depths:4 Depths:5
Abyss: Depths:4 Depths:5
Pandemonium: Depths:2 Depths:3
Ziggurat: Depths:2


Innate Abilities, Weirdness & Mutations

You reflexively headbutt those who attack you in melee.
You have a pair of large horns on your head.
You have sharp fingernails.
Scrolls take you a little longer to read.
Your flesh is heat resistant. (rF+)
You have an increased reservoir of magic. (+10% MP)
You occasionally shout uncontrollably at your foes.
You are weak. (Str -2)
[You have an uncontrollable temper.]
[You are very clumsy. (Dex -4)]
[Armour fits poorly on your strangely shaped body.]
[Your body often deteriorates upon taking damage.]
[You are extremely frail. (-30% HP)]
[Your spells are easier to cast, but less powerful.]


Message History

The starspawn tentacle loses its grip on you.
The tentacled starspawn is almost destroyed.
You block the starspawn tentacle's attack.
PTOANNNG!
You block the starspawn tentacle's attack.
BOUMMMMG!
The wretched star pulses with an eldritch light!
You feel yourself wasting away.
You feel your body start to fall apart.
You hear a chilling moan.
You hear a shout!
You hear a chilling moan.
You hear a bark!
You hear an angry hiss.
You hear a croak.
You hear a roar!
You hear a bark!
You hear a horrible gurgling sound!
You hear a hideous shriek! x2
You hear a chilling moan.
You hear a roar!
You hear a screech!
You hear a shout!
You hear a roar!
You hit the tentacled starspawn. You freeze the tentacled starspawn.
The tentacled starspawn is almost destroyed.
The ynoxinul gestures.
The neqoxec gestures at you.
You feel dopey. Something feeds on your intellect!
A cacophony of accursed wailing tears at your sanity!
You die... #... . ... ..... ##.# #55*D #.# .xW

.####.####k###### # ##
.......X.X3x5......
.... .......ΛXXXX5X...
..v (
......wwXX3xX3*#.. ..
.3.....@D5DXxX........
# .###########4## # #
## .# . # # .## #
##... . .## . . ## ..#
#... .##...## ##...# .
.##. ( . . . .. # # #.
. . ..# . . # ... . #.
#


You could see 2 bone dragons, 9 starcursed masses, a shadow dragon, a tentacled
starspawn, 2 wretched stars, a wind drake (repels missiles), 2 large
abominations, a freezing wraith, a sixfirhy, 2 neqoxecs, a ynoxinul, a chaos
spawn, 4 small abominations, 2 starspawn tentacles and 3 ufetubi.

Vanquished Creatures
  the Royal Jelly (Slime:5)
  Dissolution (Slime:4)
  2 juggernauts
  Frederick (Vaults:4)
  Saint Roka (Vaults:2)
  Margery (Vaults:4)
  6 caustic shrikes
  Nikola (Snake:2)
  3 golden dragons
  2 hellephants (Abyss:3)
  Jorgrun (D:10)
  4 tentacled monstrosities
  3 deep elf blademasters (Elf:3)
  4 liches
  7 titans
  Asterion (Vaults:1)
  2 deep elf master archers (Elf:3)
  34 acid blobs
  9 sphinxes
  Polyphemus (Shoals:4)
  An Executioner (Abyss:1)
  7 tentacled starspawn
  12 tengu reavers
  Kirke (Shoals:2)
  3 shadow dragons (Vaults:5)
  8 draconian monks
  2 storm dragons
  16 azure jellies
  14 nagarajas
  Ilsuiw (Shoals:2)
  13 frost giants
  A revenant (Abyss:1)
  9 deep elf sorcerers
  14 fire giants
  A draconian knight (Depths:4)
  2 balrugs
  An emperor scorpion (shapeshifter) (Vaults:5)
  Louise (Shoals:1)
  16 vault wardens
  An angel (Abyss:1)
  A cacodemon (Abyss:3)
  Aizul (Depths:1)
  4 iron dragons
  8 deep elf elementalists
  12 ironheart preservers
  21 stone giants
  16 very ugly things
  2 spriggan defenders (Depths:3)
  The ghost of Tyggy the Fighter, a journeyman MiBe of Trog (Shoals:1)
  An entropy weaver (Vaults:4)
  3 vampire knights (Depths:3)
  4 green draconians (Depths:5)
  The ghost of oberejnoburuli the Devastator, a journeyman FeFE of Sif Muna (Snake:4)
  5 deep elf demonologists
  5 black draconians (Depths:5)
  An ophan (Abyss:3)
  6 deep elf annihilators
  3 white draconians (Depths:5)
  2 red draconians (Depths:5)
  5 purple draconians (Depths:5)
  A minotaur (Gauntlet)
  Azrael (Snake:3)
  15 ettins
  9 merfolk javelineers
  5 spark wasps
  7 deep elf death magi
  Snorg (Orc:2)
  A green death (Abyss:3)
  7 fire dragons
  Josephine (D:15)
  15 yaktaur captains
  2 jiangshi (Abyss:3)
  4 deep elf high priests
  A crystal guardian (Abyss:1)
  A quicksilver dragon zombie (Depths:2)
  9 death oozes
  11 merfolk impalers
  14 great orbs of eyes
  Harold (D:7)
  5 rakshasas
  11 hydras
  A hell beast (Gauntlet)
  31 vault guards
  Erica (D:11)
  A monstrous demonspawn (Depths:3)
  An anaconda (shapeshifter) (Depths:3)
  15 ice dragons
  4 catoblepae
  24 naga warriors
  An alligator snapping turtle (Shoals:2)
  6 spriggan air magi
  17 anacondas
  A merfolk avatar (Shoals:4)
  4 death knights
  7 centaur warriors
  7 death yaks
  56 two-headed ogres
  9 deep troll shamans
  7 deep troll earth magi
  21 dancing weapons
  A queen ant (shapeshifter) (Vaults:5)
  5 merfolk aquamancers
  6 tengu warriors
  20 ogre magi
  Urug (D:10)
  8 orc high priests
  9 thrashing horrors
  A satyr (Abyss:3)
  3 vampire magi
  5 shock serpents
  3 hell hogs
  10 naga sharpshooters
  5 spriggan berserkers
  Nergalle (Lair:2)
  25 hell knights
  2 sun demons (Depths:1)
  A storm dragon zombie (Vaults:5)
  17 deep elf knights
  2 iron trolls
  7 spriggans (Depths:3)
  A soul eater (Gauntlet)
  2 shadow wraiths
  3 spatial maelstroms (Abyss:3)
  A death drake (Depths:5)
  A sea snake (shapeshifter) (Vaults:5)
  9 wretched stars
  2 salamander mystics
  15 skeletal warriors
  7 glowing orange brains
  2 sixfirhies (Abyss:3)
  27 deep trolls
  6 flayed ghosts
  5 wizards
  A death drake (shapeshifter) (Depths:1)
  4 unseen horrors
  A kraken simulacrum (Shoals:4)
  A torturous demonspawn (Depths:3)
  16 sea snakes
  A gelid demonspawn (Depths:3)
  16 deep elf archers
  10 naga ritualists
  29 starcursed masses
  5 phantasmal warriors
  11 harpies
  5 lindwurms (Depths:5)
  18 necromancers
  An orb spider (shapeshifter) (Elf:1)
  18 orc knights
  4 wolf spiders
  11 ironbrand convokers
  An oklob plant (Lair:1)
  12 mana vipers
  58 deep elf magi
  A fire giant zombie (Depths:2)
  7 orc sorcerers
  A shadow dragon skeleton (Depths:2)
  2 stone giant zombies
  12 fauns
  A salamander (shapeshifter) (Depths:3)
  17 shining eyes
  6 cyclopes
  A worldbinder (Abyss:1)
  16 salamanders
  A manticore (shapeshifter) (Vaults:3)
  40 ugly things
  13 merfolk sirens
  43 black mambas
  12 elephants
  Joseph (D:10)
  2 frost giant skeletons
  16 manticores
  A rust devil (Abyss:3)
  A black mamba (shapeshifter) (Depths:2)
  10 guardian serpents
  An orange demon (Abyss:1)
  A water nymph (shapeshifter) (Depths:3)
  A fire giant skeleton (Depths:2)
  14 naga magi
  6 water nymphs
  A guardian serpent (shapeshifter) (Depths:3)
  3 ice statues (IceCv)
  12 spiny frogs
  An eye of devastation (Slime:3)
  9 smoke demons
  10 vault sentinels
  A rime drake (Lair:6)
  2 apocalypse crabs (Abyss:1)
  6 komodo dragons
  A human zombie (Vaults:5)
  The ghost of matti1234 the Sneak, a novice OpWr of Gozag (D:4)
  An efreet (Abyss:3)
  8 freezing wraiths
  7 ice devils (IceCv)
  5 tengu conjurers
  3 hellwings
  A tormentor (Abyss:1)
  10 ancient zymes
  45 yaktaurs
  A meliai (Abyss:3)
  32 merfolk
  A jumping spider (Vaults:4)
  11 wind drakes
  A jumping spider (shapeshifter) (Vaults:1)
  10 trolls
  A tyrant leech (shapeshifter) (Elf:1)
  A merfolk (shapeshifter) (Vaults:1)
  7 hornets (Depths:3)
  A hydra skeleton (Abyss:1)
  A slime creature (shapeshifter) (Depths:3)
  22 dream sheep
  2 wind drakes (shapeshifter)
  A deep troll zombie (D:15)
  10 large abominations
  14 blink frogs
  8 hippogriffs
  159 slime creatures
  18 raiju
  A fire giant simulacrum (Vaults:5)
  An ice dragon zombie (Abyss:2)
  11 snapping turtles
  A human simulacrum (Vaults:3)
  A meliai zombie (D:13)
  An ice dragon skeleton (Abyss:3)
  10 flying skulls
  An ettin skeleton (Depths:2)
  A redback (shapeshifter) (Elf:3)
  9 wraiths
  2 shadows
  2 ynoxinuls (Abyss:3)
  A redback (Vaults:3)
  4 air elementals
  4 basilisks
  2 vampires
  15 water elementals
  5 fire elementals
  5 golden eyes (Slime:5)
  6 hungry ghosts
  6 hogs (Shoals:3)
  A steam dragon (D:7)
  5 neqoxecs
  4 wyverns
  A golden eye (shapeshifter) (Vaults:4)
  6 chaos spawn
  93 yaks
  11 wargs
  Menkaure (D:7)
  66 nagas
  A swamp worm (shapeshifter) (Elf:1)
  2 soldier ants (shapeshifter)
  2 acid dragons
  An acid dragon (shapeshifter) (Vaults:1)
  A soldier ant (D:15)
  2 spatial vortices (Abyss:3)
  2 floating eyes (shapeshifter)
  2 floating eyes (Depths:4)
  9 porcupines
  A porcupine (shapeshifter) (Depths:3)
  11 water moccasins
  9 hell hounds
  A human skeleton (D:15)
  64 orc warriors
  4 swamp drakes (Depths:5)
  4 black bears
  2 ice beasts
  2 sky beasts
  2 phantoms
  2 necrophages
  A snapping turtle zombie (Abyss:3)
  15 eyes of draining
  A swamp dragon zombie (Abyss:3)
  9 wolves
  42 ogres
  7 boggarts
  19 centaurs
  10 crocodiles
  3 big kobolds
  16 bullfrogs
  A gnoll sergeant (D:10)
  4 earth elementals
  A scorpion (D:4)
  17 wights
  21 killer bees
  An orc simulacrum (Vaults:1)
  An electric eel (D:14)
  6 howler monkeys
  5 centaur zombies
  7 crimson imps
  2 draconian simulacra (IceCv)
  7 hounds
  A quasit (Abyss:3)
  A bullfrog zombie (D:9)
  6 jellies
  4 centaur skeletons
  52 orc priests
  4 bullfrog skeletons
  2 iguanas
  Ijyb (D:4)
  3 iron imps
  34 orc wizards
  14 worker ants
  A spriggan simulacrum (IceCv)
  15 small abominations
  A troll simulacrum (IceCv)
  4 centaur simulacra
  A hound skeleton (D:4)
  A hound zombie (D:6)
  3 worker ant zombies
  17 adders
  17 gnolls
  An ogre simulacrum (IceCv)
  A river rat (D:4)
  3 naga simulacra (IceCv)
  6 shadow imps
  14 white imps
  9 ufetubi
  2 adder zombies
  4 worms
  4 dart slugs
  6 leopard geckos
  136 orcs
  9 ball pythons
  15 giant cockroaches
  5 goblins
  11 hobgoblins
  11 jackals
  2 quokkas (D:6)
  7 bats
  7 frilled lizards
  A jackal zombie (D:7)
  23 kobolds
  A leopard gecko skeleton (D:5)
  A leopard gecko zombie (D:6)
  A quokka zombie (D:9)
  11 rats
  2 crawling corpses (Elf:3)
  4 fungi (Elf:1)
  2 lurking horrors (Abyss:1)
  4 plants
  4 starspawn tentacles
2824 creatures vanquished.

Vanquished Creatures (collateral kills)
  A naga ritualist (Snake:4)
  A naga mage (Snake:4)
  A naga (Snake:4)
3 creatures vanquished.

Vanquished Creatures (others)
  An unseen horror (Vaults:1)
  A water elemental (Elf:1)
  A yak (Lair:6)
  An ogre (Vaults:5)
  A starcursed mass (Abyss:3)
  An orc (D:5)
  2 demonic plants (Gauntlet)
  9 fungi
  7 plants
  30 starspawn tentacles
  9 withered plants
63 creatures vanquished.

Grand Total: 2890 creatures vanquished

Notes
Turn   | Place    | Note
-------+----------+-------------------------------------------
     0 | D:1      | Elvor the Minotaur Fighter began the quest for the Orb.
     0 | D:1      | Reached XP level 1. HP: 19/19 MP: 0/0
   318 | D:1      | Reached skill level 4 in Fighting
   320 | D:1      | Reached XP level 2. HP: 27/27 MP: 1/1
   885 | D:1      | Reached XP level 3. HP: 33/33 MP: 2/2
  1067 | D:2      | Found a stormy altar of Qazlal.
  1512 | D:3      | Reached XP level 4. HP: 24/41 MP: 3/3
  1739 | D:3      | Reached XP level 5. HP: 42/47 MP: 4/4
  1798 | D:3      | Reached skill level 1 in Dodging
  2010 | D:3      | Reached skill level 5 in Fighting
  2068 | D:4      | Noticed an ogre
  2074 | D:4      | Killed an ogre
  2074 | D:4      | Reached XP level 6. HP: 36/56 MP: 5/5
  2114 | D:4      | Found a glowing drain.
  2122 | D:4      | Reached skill level 5 in Shields
  2135 | Sewer    | Entered a sewer
  2429 | D:4      | Reached skill level 5 in Maces & Flails
  2611 | D:4      | Reached XP level 7. HP: 54/62 MP: 6/6
  2633 | D:4      | Reached skill level 5 in Armour
  2674 | D:4      | Noticed Ijyb
  2686 | D:4      | Killed Ijyb
  2792 | D:4      | Found Hatzur's General Store.
  2802 | D:4      | Reached skill level 6 in Fighting
  2849 | D:4      | Bought a scroll of teleportation for 39 gold pieces
  2849 | D:4      | Bought a potion of brilliance for 52 gold pieces
  2849 | D:4      | Bought a potion of degeneration for 13 gold pieces
  3144 | D:4      | Found a runed translucent gate.
  3144 | D:4      | Found a runed translucent gate.
  3145 | D:4      | Noticed matti1234's ghost (novice OpWr)
  3146 | D:4      | Found a runed translucent gate.
  3173 | D:4      | Found a sparkling altar of Nemelex Xobeh.
  3181 | D:4      | Found an ornate altar of the Wu Jian Council.
  3243 | D:5      | Entered Level 5 of the Dungeon
  3245 | D:5      | Found an iron altar of Okawaru.
  3253 | D:5      | Became a worshipper of Warmaster Okawaru
  3405 | D:5      | Reached XP level 8. HP: 52/71 MP: 7/7
  3611 | D:5      | Found a hazy altar of Hepliaklqana.
  3718 | D:5      | Reached * piety under Okawaru
  3740 | D:5      | Found a glowing silver altar of Zin.
  3773 | D:5      | Reached skill level 7 in Fighting
  3897 | D:5      | Found a shadowy altar of Dithmenos.
  3899 | D:5      | Found an ancient bone altar of Kikubaaqudgha.
  3976 | D:5      | You fall into a shaft and drop 3 floors!
  3996 | D:8      | Reached skill level 1 in Throwing
  4176 | D:7      | Learned a level 2 spell: Blink
  4179 | D:7      | Learned a level 2 spell: Slow
  4181 | D:7      | Noticed Menkaure
  4193 | D:7      | Killed Menkaure
  4274 | D:7      | Reached ** piety under Okawaru
  4274 | D:7      | Reached skill level 8 in Fighting
  4340 | D:6      | Found a staircase to the Ecumenical Temple.
  4387 | Temple   | Entered the Ecumenical Temple
  4785 | D:5      | Reached XP level 9. HP: 60/81 MP: 8/8
  5088 | D:6      | Found a shattered altar of Ashenzari.
  5737 | D:7      | Reached *** piety under Okawaru
  5829 | D:7      | Noticed Harold
  5854 | D:7      | Killed Harold
  5854 | D:7      | Reached **** piety under Okawaru
  5854 | D:7      | Reached skill level 9 in Fighting
  6285 | D:7      | Found a radiant altar of Vehumet.
  6303 | D:7      | Reached skill level 10 in Maces & Flails
  6303 | D:7      | Reached XP level 10. HP: 72/91 MP: 9/9
  6844 | D:4      | Killed matti1234's ghost
  7674 | D:8      | Reached skill level 10 in Fighting
  7856 | D:9      | Found Xaekyw's Food Boutique.
  7899 | D:9      | Reached ***** piety under Okawaru
  8035 | D:9      | Found a sacrificial altar of Ru.
  8561 | D:9      | Received a gift from Okawaru
  8566 | D:9      | Found a bloodstained altar of Trog.
  8755 | D:10     | Entered Level 10 of the Dungeon
  8789 | D:10     | Reached skill level 10 in Shields
  8814 | D:10     | Found a staircase to the Orcish Mines.
  9145 | D:10     | Reached XP level 11. HP: 43/101 MP: 10/10
  9389 | D:10     | Noticed Joseph
  9396 | D:10     | Reached skill level 11 in Fighting
  9405 | D:10     | Killed Joseph
  9588 | D:11     | Noticed a two-headed ogre
  9598 | D:11     | Killed a two-headed ogre
  9676 | D:11     | Received a gift from Okawaru
  9840 | D:11     | Noticed a purple ugly thing
  9904 | D:11     | Found a staircase to the Lair.
  9919 | D:11     | Killed a purple ugly thing
 10181 | D:11     | Noticed a cyan ugly thing
 10196 | D:11     | Killed a cyan ugly thing
 10277 | D:11     | Noticed Erica
 10289 | D:11     | Killed Erica
 10289 | D:11     | Received a gift from Okawaru
 10557 | D:12     | Reached skill level 1 in Invocations
 10586 | D:12     | Found a shadowy altar of Dithmenos.
 10688 | D:12     | Received a gift from Okawaru
 10701 | D:12     | Noticed a red ugly thing
 10716 | D:12     | Killed a red ugly thing
 10716 | D:12     | Reached skill level 12 in Fighting
 10791 | D:12     | Reached XP level 12. HP: 47/112 MP: 12/12
 10797 | D:12     | Reached ****** piety under Okawaru
 11571 | Lair:1   | Entered Level 1 of the Lair of Beasts
 11613 | Lair:1   | Reached skill level 10 in Armour
 11902 | Lair:1   | Got a heavy robe
 12458 | Lair:2   | Received a gift from Okawaru
 12458 | Lair:2   | Reached skill level 13 in Fighting
 12492 | Lair:2   | Found a gate leading to a gauntlet.
 12513 | Gauntlet | Entered a Gauntlet
 12513 | Gauntlet | Found a transporter.
 12787 | Gauntlet | Found a transporter.
 12802 | Gauntlet | Found a transporter.
 12807 | Gauntlet | Found a transporter.
 12821 | Gauntlet | Noticed a green death
 12822 | Gauntlet | Found a transporter.
 12841 | Gauntlet | Found a transporter.
 12851 | Gauntlet | Noticed a reaper
 12853 | Gauntlet | Found a transporter.
 12864 | Gauntlet | Noticed a two-headed ogre
 12865 | Gauntlet | Found a transporter.
 12865 | Gauntlet | a two-headed ogre changed into a merfolk
 12876 | Gauntlet | Noticed an anaconda
 12876 | Gauntlet | a jumping spider changed into an anaconda
 12877 | Gauntlet | Found a transporter.
 12878 | Gauntlet | Noticed a hell beast
 12885 | Gauntlet | Found a large runed translucent door.
 12886 | Gauntlet | Found a large runed translucent door.
 12887 | Gauntlet | Found a large runed translucent door.
 12887 | Gauntlet | Found a large runed translucent door.
 12887 | Gauntlet | Noticed a cacodemon
 12888 | Gauntlet | Found a runed translucent gate.
 12889 | Gauntlet | Found a transporter.
 12889 | Gauntlet | Found a runed translucent gate.
 12890 | Gauntlet | Found a runed translucent gate.
 12891 | Gauntlet | Found a large runed translucent door.
 12891 | Gauntlet | Found a large runed translucent door.
 12892 | Gauntlet | Found a large runed translucent door.
 12893 | Gauntlet | Found a large runed translucent door.
 12902 | Gauntlet | Found a large runed translucent door.
 12902 | Gauntlet | Found a large runed translucent door.
 12902 | Gauntlet | Found a runed translucent door.
 12902 | Gauntlet | Found a runed translucent door.
 12903 | Gauntlet | Found a large runed translucent door.
 12904 | Gauntlet | Found a large runed translucent door.
 12906 | Gauntlet | Found a transporter.
 12914 | Gauntlet | Found a large runed translucent door.
 12914 | Gauntlet | Found a large runed translucent door.
 12915 | Gauntlet | Found a large runed translucent door.
 12916 | Gauntlet | Found a large runed translucent door.
 12924 | Gauntlet | Found a transporter.
 12926 | Gauntlet | Found a transporter.
 12927 | Gauntlet | Noticed a death ooze
 12953 | Gauntlet | Found a transporter.
 12973 | Gauntlet | Found a transporter.
 13051 | Gauntlet | Found a transporter.
 13095 | Gauntlet | Found a transporter.
 13153 | Gauntlet | Noticed an alligator
 13153 | Gauntlet | a hippogriff changed into an alligator
 13237 | Gauntlet | Found a transporter.
 13272 | Gauntlet | Noticed a five-headed hydra
 13278 | Gauntlet | Noticed a death yak
 13278 | Gauntlet | a five-headed hydra changed into a death yak
 13289 | Gauntlet | Killed a death ooze
 13289 | Gauntlet | Received a gift from Okawaru
 13423 | Gauntlet | Killed a hell beast
 13440 | Gauntlet | Got a brightly glowing turquoise ring
 13445 | Gauntlet | Got a shimmering tin amulet
 13456 | Gauntlet | Identified the +2 robe of Jesiub Jira {rElec rN+ Str+3}
                  | (You found it on level 1 of the Lair of Beasts)
 13467 | Gauntlet | Identified the ring of Yriwnasch {Ice rPois Str+4 Int+2
                  | Dex-5} (You found it in a Gauntlet)
 13529 | Gauntlet | Noticed a minotaur
 13542 | Gauntlet | Killed a minotaur
 13667 | Lair:2   | Noticed Nergalle
 13681 | Lair:2   | Killed Nergalle
 13708 | Lair:2   | Noticed an eight-headed hydra
 13728 | Lair:2   | Killed an eight-headed hydra
 13728 | Lair:2   | Reached XP level 13. HP: 88/122 MP: 5/13
 13743 | Lair:2   | Received a gift from Okawaru
 13773 | Lair:2   | Found a staircase to the Snake Pit.
 14653 | Lair:3   | Reached skill level 15 in Maces & Flails
 14658 | Lair:3   | Reached skill level 14 in Fighting
 14976 | Lair:3   | Identified the amulet "Nirom" {*Contam MR+ Regen+ Slay+3}
                  | (You found it in a Gauntlet)
 15044 | Lair:3   | Learned a level 5 spell: Silence
 15560 | Lair:4   | Found a staircase to the Shoals.
 15766 | Lair:4   | Received a gift from Okawaru
 15772 | Lair:4   | Got a blackened chain mail {god gift}
 15783 | Lair:4   | Identified the +0 chain mail of the Black Moon {Slay+2}
                  | (Okawaru gifted it to you on level 4 of the Lair of Beasts)
 16482 | Lair:5   | Found a frozen archway.
 16504 | IceCv    | Entered an ice cave
 16763 | IceCv    | Reached skill level 15 in Fighting
 16763 | IceCv    | Reached skill level 1 in Evocations
 16857 | IceCv    | Reached skill level 5 in Throwing
 17513 | IceCv    | Got an iridescent battleaxe
 17774 | Lair:5   | Reached XP level 14. HP: 96/134 MP: 15/15
 17924 | Lair:5   | Found a staircase to the Slime Pits.
 18256 | Lair:6   | Entered Level 6 of the Lair of Beasts
 18270 | Lair:6   | Got a wavering amber ring
 18272 | Lair:6   | Got a steaming morningstar
 18278 | Lair:6   | Identified the +10 morningstar "Juixuank" {vorpal, rF+}
                  | (You found it on level 6 of the Lair of Beasts)
 18280 | Lair:6   | Identified the ring of Jolodwoj {rPois rN+ Stlth+} (You
                  | found it on level 6 of the Lair of Beasts)
 18305 | Lair:6   | Received a gift from Okawaru
 18641 | Lair:6   | Received a gift from Okawaru
 18974 | Lair:5   | Identified the +7 battleaxe of Secumof {drain, rPois MR+
                  | Int+3} (You found it in an ice cave)
 19431 | Lair:6   | Reached skill level 16 in Fighting
 19724 | Lair:6   | Received a gift from Okawaru
 19753 | Lair:6   | Received a gift from Okawaru
 20742 | Orc:1    | Entered Level 1 of the Orcish Mines
 20748 | Orc:1    | Noticed Urug
 20903 | D:10     | Killed Urug
 20987 | Orc:1    | Noticed Jorgrun
 21011 | D:10     | Killed Jorgrun
 21122 | Orc:1    | Reached XP level 15. HP: 122/144 MP: 16/16
 21297 | Orc:1    | Found a roughly hewn altar of Beogh.
 21509 | Orc:2    | Entered Level 2 of the Orcish Mines
 21509 | Orc:2    | Found Dyoborol's Antique Weapon Emporium.
 21785 | Orc:2    | Found a staircase to the Elven Halls.
 22216 | Orc:2    | Noticed Snorg
 22222 | Orc:2    | Reached skill level 17 in Fighting
 22229 | Orc:2    | Killed Snorg
 22442 | Orc:2    | Received a gift from Okawaru
 22477 | Orc:2    | Got a twisted mace {god gift}
 23168 | Orc:2    | HP: 7/146 [orc warrior/+0 dire flail (12)]
 23761 | Orc:2    | Received a gift from Okawaru
 23799 | Orc:2    | Found Aqovedah's Gadget Shop.
 23799 | Orc:2    | Found Dauqityte's Book Shop.
 23800 | Orc:2    | Found Uriklabb's Armour Shop.
 23800 | Orc:2    | Found Wesed's Jewellery Boutique.
 24023 | Orc:2    | Identified the +7 mace of the Lumpy People {drain, rN++}
                  | (Okawaru gifted it to you on level 2 of the Orcish Mines)
 24206 | Orc:2    | Bought a wand of digging (9) for 338 gold pieces
 24206 | Orc:2    | Bought a wand of digging (8) for 312 gold pieces
 24495 | D:13     | Found a gate to the Vaults.
 24598 | D:13     | Received a gift from Okawaru
 25106 | D:14     | Received a gift from Okawaru
 25107 | D:14     | Got a pair of twisted boots {god gift}
 25118 | D:14     | Identified the +1 pair of boots "Litez" {rCorr Int+4}
                  | (Okawaru gifted it to you on level 14 of the Dungeon)
 25284 | D:14     | Found a shadowy altar of Dithmenos.
 25447 | D:14     | Found a roughly hewn altar of Beogh.
 25512 | D:14     | Identified the +5 quarterstaff of Acvuecau {vorpal, *Slow
                  | +Inv rN+++ Int-3}
 25617 | D:14     | Found Byly's Distillery.
 25620 | D:14     | Bought a potion of heal wounds for 60 gold pieces
 25620 | D:14     | Bought a potion of heal wounds for 60 gold pieces
 25620 | D:14     | Bought a potion of flight for 36 gold pieces
 25620 | D:14     | Bought a potion of curing for 36 gold pieces
 25620 | D:14     | Bought a potion of curing for 36 gold pieces
 25620 | D:14     | Bought a potion of heal wounds for 60 gold pieces
 25620 | D:14     | Bought a potion of curing for 36 gold pieces
 25989 | D:15     | Entered Level 15 of the Dungeon
 26012 | D:15     | Noticed Josephine
 26020 | D:15     | Killed Josephine
 26020 | D:15     | Reached skill level 18 in Fighting
 26383 | D:15     | Received a gift from Okawaru
 26457 | D:15     | Found a staircase to the Depths.
 26478 | D:15     | Received a gift from Okawaru
 26478 | D:15     | Reached XP level 16. HP: 131/157 MP: 17/17
 27070 | Snake:1  | Entered Level 1 of the Snake Pit
 27792 | Snake:1  | Identified a scroll of acquirement
 28057 | Snake:1  | Received a gift from Okawaru
 28364 | Snake:2  | Noticed Nikola
 28374 | Snake:2  | Killed Nikola
 28374 | Snake:2  | Reached skill level 15 in Shields
 28680 | Snake:1  | Received a gift from Okawaru
 28837 | Snake:2  | Received a gift from Okawaru
 28837 | Snake:2  | Reached skill level 19 in Fighting
 28869 | Snake:2  | Learned a level 2 spell: Passwall
 28874 | Snake:2  | Learned a level 4 spell: Petrify
 30057 | Snake:3  | Received a gift from Okawaru
 30151 | Snake:3  | Reached XP level 17. HP: 79/168 MP: 8/18
 30397 | Snake:3  | Noticed Azrael
 30683 | Snake:3  | Killed Azrael
 30799 | Snake:3  | Found Tewk's Magic Scroll Shop.
 30807 | Snake:3  | Bought a scroll of fog for 24 gold pieces
 30807 | Snake:3  | Bought a scroll of acquirement for 624 gold pieces
 30807 | Snake:3  | Bought a scroll of acquirement for 624 gold pieces
 30807 | Snake:3  | Bought 2 scrolls of enchant weapon for 180 gold pieces
 30807 | Snake:3  | Bought 2 scrolls of teleportation for 72 gold pieces
 31651 | Snake:4  | Entered Level 4 of the Snake Pit
 31656 | Snake:4  | Reached skill level 10 in Throwing
 32297 | Snake:4  | Noticed oberejnoburuli's ghost (journeyman FeFE)
 32329 | Snake:4  | Found a runed translucent gate.
 32329 | Snake:4  | Found a runed translucent gate.
 32332 | Snake:4  | Found a runed translucent gate.
 32354 | Snake:4  | Received a gift from Okawaru
 32983 | Snake:4  | Reached skill level 5 in Dodging
 33716 | Snake:4  | Reached skill level 20 in Fighting
 33799 | Snake:4  | Received a gift from Okawaru
 34080 | Snake:4  | Received a gift from Okawaru
 34081 | Snake:4  | Got a jade-encrusted crystal plate armour {god gift}
 34356 | Snake:4  | Identified the +1 crystal plate armour "Xaodwec" {rElec}
                  | (Okawaru gifted it to you on level 4 of the Snake Pit)
 34390 | Snake:4  | Reached XP level 18. HP: 178/178 MP: 19/19
 34508 | Snake:4  | Got a serpentine rune of Zot
 34742 | Snake:4  | Killed oberejnoburuli's ghost
 35522 | Shoals:1 | Entered Level 1 of the Shoals
 35558 | Shoals:1 | Noticed Louise
 35559 | Shoals:1 | Found a flickering gateway to a bazaar.
 35566 | Bazaar   | Entered a bazaar
 35574 | Bazaar   | Found Idas's Book Shop.
 35574 | Bazaar   | Found Ymol's Gadget Shop.
 35661 | Shoals:1 | Killed Louise
 35758 | Shoals:1 | Found a runed translucent gate.
 35759 | Shoals:1 | Found a runed translucent gate.
 35768 | Shoals:1 | Found a runed translucent gate.
 35769 | Shoals:1 | Noticed Tyggy's ghost (journeyman MiBe)
 35808 | Shoals:1 | Reached skill level 15 in Armour
 35930 | Shoals:1 | Received a gift from Okawaru
 36201 | Shoals:1 | Killed Tyggy's ghost
 36236 | Shoals:1 | Got a pair of encrusted gloves
 36240 | Shoals:1 | Got an ivory battleaxe
 36247 | Shoals:1 | Identified the +5 battleaxe of Animief {freeze, rElec rC+
                  | Str-3} (You found it on level 1 of the Shoals)
 36248 | Shoals:1 | Identified the +0 pair of gloves of the Vacuum {+Blink
                  | Int+4} (You found it on level 1 of the Shoals)
 36366 | Shoals:2 | Noticed Ilsuiw
 36570 | Shoals:2 | Killed Ilsuiw
 36749 | Shoals:2 | Received a gift from Okawaru
 36858 | Shoals:2 | Found a basalt altar of Yredelemnul.
 37271 | Shoals:2 | Received a gift from Okawaru
 37585 | Shoals:3 | Received a gift from Okawaru
 37664 | Shoals:3 | Received a gift from Okawaru
 37731 | Shoals:3 | Noticed Kirke
 37810 | Shoals:2 | Killed Kirke
 37866 | Shoals:3 | Received a gift from Okawaru
 37878 | Shoals:3 | Identified a +0 pair of boots of running (Okawaru gifted it
                  | to you on level 3 of the Shoals)
 37991 | Shoals:3 | Found a transporter.
 38108 | Shoals:3 | Found a transporter.
 38371 | Shoals:3 | Reached skill level 21 in Fighting
 38602 | Shoals:4 | Entered Level 4 of the Shoals
 38602 | Shoals:4 | Noticed Polyphemus
 39047 | Shoals:4 | Killed Polyphemus
 39061 | Shoals:4 | Reached XP level 19. HP: 189/189 MP: 15/21
 39094 | Shoals:3 | Reached skill level 10 in Dodging
 39094 | Shoals:3 | Reached XP level 20. HP: 198/198 MP: 22/22
 39095 | Shoals:3 | Reached XP level 21. HP: 204/204 MP: 23/23
 39836 | Shoals:4 | Identified the +9 flail "Giantbane" {flame, *Rage +Blink
                  | rN+ Int+3}
 40076 | Shoals:4 | Received a gift from Okawaru
 40384 | Shoals:4 | Got a barnacled rune of Zot
 40697 | D:12     | Acquired 890 gold pieces
 41311 | Vaults:1 | Entered Level 1 of the Vaults
 41547 | Vaults:1 | Noticed Asterion
 41556 | Vaults:1 | Killed Asterion
 41714 | Vaults:1 | Paralysed by an ogre mage for 3 turns
 42078 | Vaults:1 | Received a gift from Okawaru
 42108 | Vaults:1 | Got a silken robe {god gift}
 42189 | Vaults:1 | Identified the +1 robe "Awocamo" {rElec Stlth+} (Okawaru
                  | gifted it to you on level 1 of the Vaults)
 42380 | Vaults:1 | Found Zah Lunn's Antique Armour Shop.
 42387 | Vaults:1 | Bought a pair of embroidered gloves for 322 gold pieces
 42471 | Vaults:1 | Found Pemagg Kautu's Weapon Emporium.
 43875 | Vaults:2 | Noticed Saint Roka
 44021 | Vaults:2 | Got a transparent bronze ring
 44267 | Vaults:2 | Killed Saint Roka
 44267 | Vaults:2 | Reached skill level 22 in Fighting
 44303 | Vaults:2 | Reached XP level 22. HP: 189/215 MP: 24/24
 44390 | Vaults:2 | Identified the ring "Nocycafi" {Wiz *Contam rC++ MR+ Int+3}
                  | (You found it on level 2 of the Vaults)
 44435 | Vaults:2 | Found a staircase to the Crypt.
 44545 | Vaults:2 | Received a gift from Okawaru
 45003 | Vaults:1 | Got a polished chain mail
 45028 | Vaults:2 | Identified the +2 chain mail "Jaawiv" {+Blink rN+ rCorr
                  | Str-2} (You found it on level 1 of the Vaults)
 45245 | Vaults:3 | Received a gift from Okawaru
 45590 | Vaults:3 | Received a gift from Okawaru
 45720 | Vaults:3 | Found Pets's Distillery.
 45727 | Vaults:3 | Bought a potion of mutation for 144 gold pieces
 45727 | Vaults:3 | Bought a potion of might for 72 gold pieces
 45727 | Vaults:3 | Bought a potion of haste for 180 gold pieces
 45727 | Vaults:3 | Bought a potion of haste for 180 gold pieces
 45727 | Vaults:3 | Bought a potion of ambrosia for 144 gold pieces
 46103 | Vaults:3 | Received a gift from Okawaru
 46122 | Vaults:3 | Got a brightly glowing ring mail {god gift}
 46200 | Vaults:3 | Identified the +0 ring mail "Qebatt" {rF+ rN++ Int-2}
                  | (Okawaru gifted it to you on level 3 of the Vaults)
 46202 | Vaults:3 | Got a spiked leather armour
 46203 | Vaults:3 | Identified the +3 leather armour "Lurugij" {rF- rC+ Int+3}
                  | (You found it on level 3 of the Vaults)
 47075 | Vaults:4 | Noticed Frederick
 47084 | Vaults:4 | Killed Frederick
 47782 | Vaults:4 | Noticed Margery
 47797 | Vaults:4 | Killed Margery
 47810 | Vaults:4 | Received a gift from Okawaru
 47901 | Vaults:4 | Received a gift from Okawaru
 48074 | Vaults:4 | Reached skill level 5 in Invocations
 48247 | Vaults:4 | Found Teedy's Assorted Antiques.
 48262 | Vaults:4 | Bought a potion of might for 184 gold pieces
 48647 | Vaults:3 | Bought a potion of experience for 900 gold pieces
 48945 | D:12     | Reached XP level 23. HP: 225/225 MP: 24/26
 49027 | Elf:1    | Entered Level 1 of the Elven Halls
 49202 | Elf:1    | Reached XP level 24. HP: 234/234 MP: 26/26
 49316 | Elf:1    | Found Qanas's One-of-a-Kind Books.
 49415 | Elf:1    | Received a gift from Okawaru
 49449 | Elf:1    | Found a radiant altar of Vehumet.
 49616 | Elf:1    | Reached skill level 23 in Fighting
 49667 | Elf:1    | Received a gift from Okawaru
 50010 | Elf:2    | Received a gift from Okawaru
 50264 | Elf:2    | Found a runed translucent gate.
 50264 | Elf:2    | Found a runed translucent gate.
 50264 | Elf:2    | Found a runed translucent gate.
 50290 | Elf:2    | Received a gift from Okawaru
 50291 | Elf:2    | Got a crystal war axe {god gift}
 50514 | Elf:2    | Identified the +5 war axe "Saidon" {pain, +Inv +Fly rElec
                  | MP-9} (Okawaru gifted it to you on level 2 of the Elven
                  | Halls)
 51072 | Elf:3    | Entered Level 3 of the Elven Halls
 51166 | Elf:3    | Found a shimmering blue altar of Sif Muna.
 51277 | Elf:3    | Received a gift from Okawaru
 51282 | Elf:3    | Got a spiked hat {god gift}
 51448 | Elf:3    | Reached skill level 15 in Throwing
 51490 | Elf:3    | Identified the -4 hat of Wasted Space {+Inv rElec} (Okawaru
                  | gifted it to you on level 3 of the Elven Halls)
 51571 | Elf:3    | Identified the +3 troll leather armour "Ylago" {Harm rN+
                  | Regen+ Stlth+}
 51571 | Elf:3    | Identified the ring of Xom's Whimsicality {*Slow +Fly rElec
                  | Int+5 Stlth+}
 51631 | Elf:3    | Found the +9 staff of Wucad Mu {channel}
 51633 | Elf:3    | Found the +8 storm bow {elec, penet}
 52245 | Elf:3    | Found a radiant altar of Vehumet.
 52372 | Elf:3    | Got a pitted ivory amulet
 52374 | Elf:3    | Got an ancient steel ring
 52384 | Elf:3    | Got a crude copper ring
 52385 | Elf:3    | Identified the amulet "Nieteo" {Inacc rPois} (You found it
                  | on level 3 of the Elven Halls)
 52389 | Elf:3    | Got a transparent demon whip
 52390 | Elf:3    | Identified the +6 demon whip of Uskayaw's Generosity
                  | {freeze, rC+} (You found it on level 3 of the Elven Halls)
 52397 | Elf:3    | Got a twisted executioner's axe
 52616 | D:12     | Identified the ring of Divine Compulsion {Str+6 Int+6} (You
                  | found it on level 3 of the Elven Halls)
 52618 | D:12     | Identified the ring of the Leaf {MP-9 Str+4 Dex+3 Slay+3
                  | SInv} (You found it on level 3 of the Elven Halls)
 52888 | Elf:3    | Got a translucent short sword
 52900 | Elf:3    | Got a crystal arbalest
 52903 | Elf:3    | Got an ichor-stained hand crossbow
 52909 | Elf:3    | Got a shimmering spear
 53442 | D:12     | Identified the +3 spear "Qahin" {protect, +Fly} (You found
                  | it on level 3 of the Elven Halls)
 53444 | D:12     | Identified the +9 short sword of the Living Dead {drain,
                  | Dex+4} (You found it on level 3 of the Elven Halls)
 53448 | D:12     | Identified the +8 arbalest "Raisin" {flame, rF+ Str+3} (You
                  | found it on level 3 of the Elven Halls)
 53449 | D:12     | Identified the +5 hand crossbow "Killer Bee's Doom" {elec,
                  | rF+} (You found it on level 3 of the Elven Halls)
 53452 | D:12     | Identified the +6 executioner's axe "Lema" {freeze, +Fly
                  | rElec} (You found it on level 3 of the Elven Halls)
 53549 | D:12     | Learned a level 2 spell: Swiftness
 53671 | Depths:1 | Entered Level 1 of the Depths
 53671 | Depths:1 | Found Edumaip's Antique Weapon Emporium.
 53685 | Depths:1 | Received a gift from Okawaru
 53792 | Depths:1 | You fall into a shaft and drop 1 floor!
 53829 | Depths:1 | Found Qaduanna's Assorted Antiques.
 53830 | Depths:1 | Received a gift from Okawaru
 53831 | Depths:1 | Got a twisted great mace {god gift}
 53840 | Depths:1 | Found a runed translucent door.
 53996 | D:15     | Identified the +11 great mace of Brawling {flame, Fragile
                  | rElec Str+5} (Okawaru gifted it to you on level 1 of the
                  | Depths)
 54120 | Depths:1 | Bought a scroll of enchant armour for 255 gold pieces
 54120 | Depths:1 | Bought 2 potions of curing for 204 gold pieces
 54120 | Depths:1 | Bought a potion of curing for 102 gold pieces
 54217 | Depths:1 | Found Nusulaeg's Jewellery Shoppe.
 54544 | Depths:1 | Found a gateway to Hell.
 54684 | Depths:1 | Reached XP level 25. HP: 243/245 MP: 12/26
 54685 | Depths:1 | Received a gift from Okawaru
 54863 | Depths:2 | Noticed Aizul
 54947 | Depths:1 | Killed Aizul
 55002 | Depths:2 | Found a one-way gate leading to the halls of Pandemonium.
 55326 | Depths:2 | Received a gift from Okawaru
 55362 | Depths:2 | Reached skill level 24 in Fighting
 55484 | Depths:2 | Found a gateway to a ziggurat.
 55990 | Depths:2 | Received a gift from Okawaru
 56028 | Depths:2 | Reached skill level 15 in Dodging
 56331 | Depths:3 | Got a faintly glowing diamond amulet
 56332 | Depths:3 | Identified the amulet "Nyoty" {RegenMP +Inv rN+++ Slay-4
                  | Stlth+} (You found it on level 3 of the Depths)
 56645 | Depths:3 | Found a runed translucent door.
 56956 | Depths:3 | Received a gift from Okawaru
 57379 | Depths:3 | Got a scorched chain mail
 57647 | Depths:3 | Identified the +7 chain mail of Failure {+Inv MR+ Dex+3}
                  | (You found it on level 3 of the Depths)
 57788 | Depths:4 | Received a gift from Okawaru
 57967 | Depths:4 | Cast into level 2 of the Abyss (hell knight)
 57996 | Depths:4 | Escaped the Abyss
 58081 | Depths:3 | Reached skill level 25 in Fighting
 58257 | Depths:3 | Reached XP level 26. HP: 185/258 MP: 17/26
 58446 | Depths:4 | Noticed a juggernaut
 58486 | Depths:3 | Killed a juggernaut
 58656 | Depths:3 | Received a gift from Okawaru
 58666 | Depths:3 | Got a pair of ichor-stained gloves {god gift}
 58681 | Depths:3 | Identified the +1 pair of gloves "Udoon" {Harm rElec MR+
                  | Str-2 Int+3} (Okawaru gifted it to you on level 3 of the
                  | Depths)
 58986 | Depths:4 | Paralysed by a floating eye for 4 turns
 59089 | Depths:4 | Found Imucs's Gadget Boutique.
 59089 | Depths:4 | Found Xoson's Jewellery Shoppe.
 59090 | Depths:4 | Found Limig's Jewellery Shoppe.
 59219 | Depths:4 | Found a one-way gate to the infinite horrors of the Abyss.
 59636 | Depths:5 | Entered Level 5 of the Depths
 60165 | Depths:5 | Found a snail-covered altar of Cheibriados.
 60168 | Depths:5 | Found a shimmering altar of Xom.
 60191 | Depths:5 | Found a hazy altar of Hepliaklqana.
 60193 | Depths:5 | Found an opulent altar of Gozag.
 60193 | Depths:5 | Found a shimmering altar of Xom.
 60193 | Depths:5 | Found a snail-covered altar of Cheibriados.
 60359 | Depths:5 | Noticed a juggernaut
 61146 | Depths:4 | Received a gift from Okawaru
 61966 | Depths:5 | Found a corrupted altar of Lugonu.
 62279 | Depths:5 | Identified the +8 lajatang of Zoypim {antimagic, rF+}
 62505 | Depths:5 | Killed a juggernaut
 62967 | Depths:5 | Received a gift from Okawaru
 62968 | Depths:5 | Got a smoking chain mail {god gift}
 62969 | Depths:5 | Identified the +6 chain mail of Protective Custody {rF++
                  | rC++ Dex+4} (Okawaru gifted it to you on level 5 of the
                  | Depths)
 63045 | Depths:5 | Found a gate to the Realm of Zot.
 64134 | Vaults:5 | Entered Level 5 of the Vaults
 64228 | Vaults:4 | Reached skill level 26 in Fighting
 64424 | Vaults:4 | Reached XP level 27. HP: 209/269 MP: 17/26
 65154 | Vaults:5 | Received a gift from Okawaru
 65472 | Vaults:5 | Got a silver rune of Zot
 65655 | Vaults:5 | Received a gift from Okawaru
 65661 | Vaults:5 | Received a gift from Okawaru
 65701 | Vaults:5 | Received a gift from Okawaru
 66258 | Vaults:5 | Received a gift from Okawaru
 66364 | Vaults:5 | Identified the Catalogue of the Boosting Birds
 66370 | Vaults:5 | Learned a level 1 spell: Summon Butterflies
 66392 | Vaults:5 | Learned a level 3 spell: Teleport Other
 66752 | Vaults:5 | Found the +18 shield of the Gong {rElec rN+ MR+ EV-5}
 66762 | Vaults:5 | Got a scorched wooden ring
 66796 | Vaults:5 | Reached skill level 27 in Fighting
 66960 | Vaults:5 | Identified the cursed ring of Usun {rF+ AC-4 Str+6} (You
                  | found it on level 5 of the Vaults)
 67866 | Vaults:5 | Got a slimy hand crossbow
 67934 | Vaults:5 | Identified the cursed +1 hand crossbow of the Distant
                  | Future {penet, rPois Str-2 Dex+3} (You found it on level 5
                  | of the Vaults)
 68457 | Depths:4 | Bought the ring of Wishful Thinking {rF++ rC- MP+9 Str+6
                  | Dex+2} for 1090 gold pieces
 68461 | Depths:4 | Bought the ring of Viegrek {Wiz rElec rF+ Str-3 Int+6} for
                  | 630 gold pieces
 68769 | Orc:2    | Bought a book of Party Tricks for 850 gold pieces
 68771 | Orc:2    | Learned a level 1 spell: Apportation
 69140 | Slime:1  | Entered Level 1 of the Pits of Slime
 70118 | Slime:2  | Received a gift from Okawaru
 70731 | Slime:2  | Received a gift from Okawaru
 70952 | Slime:2  | Found a viscous altar of Jiyva.
 71251 | Slime:1  | Gained mutation: [You are clumsy. (Dex -2)] [a shining eye]
 72168 | Slime:3  | Gained mutation: Scrolls take you a little longer to read.
                  | [a shining eye]
 72170 | Slime:3  | Gained mutation: [Your body sometimes deteriorates upon
                  | taking damage.] [a shining eye]
 72336 | Slime:5  | Entered Level 5 of the Pits of Slime
 72367 | Slime:5  | Gained mutation: [You are frail. (-10% HP)] [a shining eye]
 72382 | Slime:5  | Gained mutation: You are partially covered in molten
                  | scales. (AC +2) [a shining eye]
 72409 | Slime:5  | Noticed the Royal Jelly
 72470 | Slime:4  | Gained mutation: [You tend to lose your temper in combat.]
                  | [a shining eye]
 72483 | Slime:4  | Reached skill level 5 in Spellcasting
 72550 | Slime:4  | Gained mutation: [You often lose your temper in combat.] [a
                  | shining eye]
 73124 | Slime:5  | Gained mutation: Your mind is acute. (Int +2) [a shining
                  | eye]
 73158 | Slime:5  | Noticed Dissolution
 73164 | Slime:5  | Paralysed by a floating eye for 2 turns
 73325 | Slime:4  | Killed Dissolution
 73363 | Slime:5  | Killed the Royal Jelly
 73541 | Slime:4  | Received a gift from Okawaru
 74240 | Slime:5  | Lost mutation: Your mind is acute. (Int +2) [a shining eye]
 74668 | Slime:5  | Identified Ummymm's Volume of the Entrancing Arsonist
 74709 | Slime:5  | Got a pitted hand axe
 74711 | Slime:5  | Got a glimmering tower shield
 74734 | Slime:5  | Got a wavering copper ring
 74772 | Slime:5  | Got a slimy rune of Zot
 74776 | Slime:5  | Identified the +8 hand axe of Mazxysch {protect, rC+ Int+4}
                  | (You found it on level 5 of the Pits of Slime)
 74794 | Slime:5  | Identified the +3 tower shield of Molemour {Str+3 Dex+3}
                  | (You found it on level 5 of the Pits of Slime)
 74815 | Slime:5  | Identified the ring of Guwewug {+Blink rElec rF+} (You
                  | found it on level 5 of the Pits of Slime)
 75481 | Slime:5  | Got an iridescent glaive
 75560 | Slime:5  | Identified the +6 glaive of the Witching Shrike {chaos,
                  | *Slow rElec rN+++ Int+2} (You found it on level 5 of the
                  | Pits of Slime)
 75971 | D:12     | Lost mutation: [You are frail. (-10% HP)] [potion of
                  | mutation]
 75971 | D:12     | Lost mutation: You are partially covered in molten scales.
                  | (AC +2) [potion of mutation]
 75971 | D:12     | Lost mutation: [You often lose your temper in combat.]
                  | [potion of mutation]
 75971 | D:12     | Lost mutation: [Your body sometimes deteriorates upon
                  | taking damage.] [potion of mutation]
 75971 | D:12     | Gained mutation: You have a pair of large horns on your
                  | head. [potion of mutation]
 75971 | D:12     | Gained mutation: You expend magic power (3 MP) to
                  | strengthen your wands. [potion of mutation]
 75971 | D:12     | Gained mutation: Your flesh is heat resistant. (rF+)
                  | [potion of mutation]
 75972 | D:12     | Lost mutation: You expend magic power (3 MP) to strengthen
                  | your wands. [potion of mutation]
 75972 | D:12     | Lost mutation: [You are clumsy. (Dex -2)] [potion of
                  | mutation]
 75972 | D:12     | Gained mutation: You have an increased reservoir of magic.
                  | (+10% MP) [potion of mutation]
 76274 | Depths:4 | Voluntarily entered the Abyss.
 77066 | Abyss:1  | Found a shadowy altar of Dithmenos.
 77093 | Abyss:1  | Received a gift from Okawaru
 77105 | Abyss:1  | Got a crude mace {god gift}
 77260 | Abyss:2  | Identified the +7 mace of Okawaru's Approval {flame, SInv}
                  | (Okawaru gifted it to you on level 1 of the Abyss)
 77291 | Abyss:2  | Gained mutation: You occasionally shout uncontrollably at
                  | your foes. [a neqoxec]
 77306 | Abyss:2  | Gained mutation: [You are frail. (-10% HP)] [a neqoxec]
 77551 | Abyss:3  | Gained mutation: You are weak. (Str -2) [a cacodemon]
 77574 | Abyss:3  | Identified Doxee's Almanac of Moulding
 77581 | Abyss:3  | Identified the Collected Works on Envenoming
 77583 | Abyss:3  | Identified the Reference Book on the Snowflakes
 77587 | Abyss:3  | Identified the Grimoire of Companions
 77612 | Abyss:3  | Identified Zuazebef's Reference Book on Transmigration
 77616 | Abyss:3  | Identified the Disquisition on Shape Shifting
 77628 | Abyss:3  | Identified the Volume of Fire
 77634 | Abyss:3  | Identified the Guide on Transmigration
 77785 | Abyss:3  | Received a gift from Okawaru
 77842 | Abyss:3  | Found an ancient bone altar of Kikubaaqudgha.
 78012 | Abyss:3  | Found a corrupted altar of Lugonu.
 78012 | Abyss:3  | Found a corrupted altar of Lugonu.
 78161 | Abyss:3  | Paralysed by accursed screaming for 1 turns
 78167 | Abyss:3  | Paralysed by accursed screaming for 1 turns
 78174 | Abyss:3  | Paralysed by accursed screaming for 1 turns
 78310 | Abyss:3  | Received a gift from Okawaru
 78327 | Abyss:3  | Found a corrupted altar of Lugonu.
 78481 | Abyss:3  | Received a gift from Okawaru
 78624 | Abyss:3  | Received a gift from Okawaru
 78850 | Abyss:3  | Paralysed by accursed screaming for 1 turns
 78863 | Abyss:3  | Gained mutation: You have sharp fingernails. [a neqoxec]
 78868 | Abyss:3  | Paralysed by accursed screaming for 2 turns
 78883 | Abyss:3  | Paralysed by accursed screaming for 2 turns
 78885 | Abyss:3  | HP: 6/367 [tentacled starspawn (18)]
 78887 | Abyss:3  | Killed from afar by a starcursed mass

Illustrated notes

Levels and vault maps discovered:
D:1:      grunt_arrival_crossed_arrows, layout_basic
D:2:      layout_rooms, nicolae_overflow_crystal_walls
D:3:      layout_basic
D:4:      layout_gridville, minitemple, serial_shops, shop,
          portal_sewer_entry_e, gammafunk_ghost_split, uniq_ijyb
D:5:      layout_loops_corners, kennysheep_mini_moat, old_standard_altar,
          chequers_temple_overflow_statue_of_worship, basic_altar, first_ration,
          minmay_crystal_water
D:6:      layout_loops_corners, evilmike_ruin_ashenzari,
          minmay_temple_entry_mist, minmay_checkerbox
D:7:      layout_gridville, lemuel_crystal_altar, uniq_menkaure, uniq_harold
D:8:      layout_basic, grunt_ogre_cave, kennysheep_decorative_pillar
D:9:      layout_loops_ring, lemuel_coloured_pillars_altar,
          nicolae_ru_path_of_blood, serial_shops, nicolae_shop_statue_plus
D:10:     layout_roguey, david_orc_3, chequers_serial_rivers_room_a, uniq_joseph
D:11:     layout_small_grid, erik_lair_orcish_takeover, uniq_erica
D:12:     layout_rooms, nicolae_dithmenos_through_a_glass_darkly
D:13:     layout_long_grid, david_vaults_5, minmay_misc_feat_five
D:14:     layout_irregular_city, serial_shops, nicolae_shop_window_shopping,
          hangedman_glass_teeth, basic_altar, nicolae_lava_and_water,
          david_defended_altar_orc
D:15:     gammafunk_depths_entry_grave, layout_basic,
          hangedman_abyss_or_decor_passed, uniq_josephine
Temple:   chequers_temple_sunken
Lair:1:   layout_loops_ring, minmay_lair_oklob_chamber
Lair:2:   layout_loops_ring, minmay_snake_entry_guardpost_small,
          gauntlet_entry_generic, lemuel_fruit_fields, grunt_megastairs_3,
          uniq_nergalle
Lair:3:   layout_gridlike
Lair:4:   layout_cave_pods, minmay_shoals_entry_lonely_mermaid
Lair:5:   layout_regular_city, dpeg_slime_entry_corner,
          portal_ice_cave_entry_imps
Lair:6:   evilmike_catoblepas_cave, layout_hall_layers
Shoals:1: layout_shoals, gammafunk_ghost_tricky_traps, serial_shops,
          bzr_entry_safe, nicolae_shoals_dead_sea_scrolls, uniq_louise
Shoals:2: cheibrodos_shoals_epimethial_gifts, layout_shoals,
          lemuel_centaur_altar, uniq_ilsuiw
Shoals:3: gammafunk_the_bubble [the_bubble_gammafunk_grid], layout_shoals,
          uniq_kirke
Shoals:4: shoals_end_grunt_ice, layout_shoals, uniq_polyphemus
Snake:1:  layout_concentric_octagons
Snake:2:  layout_onion_interference, uniq_nikola
Snake:3:  layout_cave_pods, serial_shops, shop, special_room, uniq_azrael
Snake:4:  johnstein_snake_rune_scales, layout_gridlike, gammafunk_ghost_split
Slime:1:  layout_caves
Slime:2:  layout_caves, basic_altar, nicolae_slime_barrier,
          cheibrodos_slime_lost_civilization_6
Slime:3:  layout_caves
Slime:4:  layout_caves
Slime:5:  uniq_dissolution
Orc:1:    layout_caves, mines1_david, uniq_urug, uniq_jorgrun
Orc:2:    st_orc_pillars, layout_caves, serial_shops,
          nicolae_shop_overgrown_old_shop, uniq_snorg
Elf:1:    eino_elf_arrival_shootout, layout_geoelf_diagonals, basic_altar,
          minivault_28, nicolae_rare_books
Elf:2:    layout_geoelf_octagon
Elf:3:    minmay_elf_hall_statues, layout_loops_cross,
          hangedman_elf_simple_split
Vaults:1: vaults_room_door_ring, ontoclasm_vaults_ligature, v_misc_26,
          ontoclasm_vaults_spin, st_star, vaults_room_grid, v_misc_5,
          dpeg_vaults_monster_box, vaults_mumra_lcd,
          nicolae_vaults_sealed_display, layout_vaults_chaotic_city,
          serial_shops, nicolae_shop_window_shopping, uniq_asterion
Vaults:2: hangedman_vaults_cutoff, vaults_mumra_minichess_inversion,
          minmay_crypt_entry_simple_sparse, st_diamondy,
          grunt_vaults_hallway_short, grunt_vaults_hallway_short, v_misc_27,
          vaults_room_semicircle, layout_vaults_quadrants, uniq_saint_roka
Vaults:3: vaults_mumra_hex, nicolae_vaults_asterisk, v_misc_23,
          nicolae_vaults_little_squares_6, st_hourglassy, grunt_vaults_bifocal,
          grunt_vaults_diagonal, ontoclasm_vaults_eye,
          nicolae_vaults_little_squares_2, vaults_mumra_hexcomb,
          layout_vaults_ring, serial_shops, shop
Vaults:4: nicolae_vaults_network_quincunx
          [nicolae_vaults_network_quincunx_subvault,
          nicolae_vaults_network_quincunx_subvault,
          nicolae_vaults_network_quincunx_subvault,
          nicolae_vaults_network_quincunx_subvault,
          nicolae_vaults_network_quincunx_subvault],
          nicolae_vaults_ring_of_whatevers, vaults_room_large_hall, v_misc_25,
          st_lattice, v_alt_pattern_6, hangedman_vaults_slice,
          nicolae_vaults_back_hallway, grunt_vaults_swirl,
          ontoclasm_vaults_twist, ontoclasm_vaults_ring_square,
          nicolae_vaults_little_ls, nicolae_vaults_theta,
          ontoclasm_vaults_fault, layout_vaults_maze_bifur, serial_shops, shop,
          uniq_margery, uniq_frederick
Vaults:5
Depths:1: layout_big_octagon, serial_shops, shop, shop_statue, shop,
          kennysheep_flooded_box, lightli_too_deep, lightli_gold_pyramid,
          serial_bayou_shore_a
Depths:2: minmay_skeletal_surprise, layout_basic, enter_ziggurat_b,
          nrook_campfire, hell_entry, pan_entry, uniq_aizul
Depths:3: minmay_the_grid_net [minmay_the_grid_paths,
          minmay_the_grid_zigzag_pyramid, minmay_the_grid_expand,
          minmay_the_grid_tree, minmay_the_grid_diamond_grid,
          minmay_the_grid_prize_four_corners_diamond_b], layout_cave_pools,
          hell_entry, rand_demon_pan_entry_4, st_stairs_9, dk_noncrumbling_3,
          minmay_hidden_floor
Depths:4: minmay_expanding_squares, layout_cave_pools,
          nicolae_abyss_entry_one_way_or_another, serial_rivers,
          chequers_serial_rivers_micro_e, chequers_serial_rivers_micro_c,
          chequers_serial_rivers_small_a, chequers_serial_rivers_micro_d,
          chequers_serial_rivers_room_a, chequers_serial_rivers_small_3,
          hell_entry, minmay_staircase_windowed_small, minmay_shop_grove
Depths:5: lemuel_castle_with_subvaults [lemuel_castle_interior_carwin_1],
          layout_cave_pools, serial_bayou_pond_a, pf_coc_iceberg,
          abyss_entry_flame_altar, doesnt_xom_only_xom
Abyss:3:  base: Vaults:2, evilmike_abyss_exit_6, grunt_abyss_rune_wretched_hive,
          evilmike_abyss_exit_10, hangedman_abyss_lost_library,
          nicolae_abyss_rune_left_handed, hangedman_abyss_lost_library,
          hangedman_abyss_feature_spike, hangedman_abyss_or_decor_passed,
          hangedman_abyss_feature_spike, hangedman_stitches_earthworm,
          nicolae_abyss_rune_star_stuff, nicolae_abyss_rune_star_stuff,
          evilmike_abyss_exit_plants, hangedman_abyss_or_decor_lesser_grid,
          evilmike_abyss_exit_15, serial_sigils_hangedman_shear,
          hangedman_summoners_spam, doesnt_abyss_rune_brain_food,
          guppyfry_abyss_exit_spiral_guarded, bh_abyss_exit_choice,
          evilmike_abyss_exit_6, dshaligram_kb_abyss_rune_zappy_water_cross,
          hangedman_decor_lopped, nicolae_abyss_rune_left_handed,
          hangedman_abyss_batty_box, dshaligram_kb_abyss_rune_zappy_water_cross

Skill      XL: |  1  2  3  4  5  6  7  8  9 10 11 12 13 14 15 16 17 18 19 20 21 22 23 24 25 26 27 |
---------------+----------------------------------------------------------------------------------+-----
Fighting       | 4 5 6 8 9 10 12 13 15 16 18 19 20 21 22 23 25 26 27 | 27.0
Armour         | 4 5 6 7 8 9 10 11 12 13 14 15 16 17 18 19 | 19.5
Shields        | 4 5 6 7 8 10 11 12 13 14 15 16 17 18 19 20 21 22 26 | 26.1
Maces & Flails | 3 4 5 6 8 10 11 13 14 15 16 17 18 19 20 21 23 | 23.6
Dodging        | 2 3 6 8 10 11 13 14 15 16 19 | 19.1
Throwing       | 1 2 3 4 5 8 9 10 11 13 14 15 16 | 16.0
Invocations    | 1 2 3 4 5 6 |  6.4
Evocations     | 1 3 4 |  4.1
Spellcasting   | 3 6 |  6.7
Stealth        | |  0.1
Summonings     | |  0.1
Transmutations | |  0.1

Action                   |  1- 3 |  4- 6 |  7- 9 | 10-12 | 13-15 | 16-18 | 19-21 | 22-24 | 25-27 || total
-------------------------+-------+-------+-------+-------+-------+-------+-------+-------+-------++-------
Melee: Flail             |    91 |   185 |   415 |   237 |       |       |       |       |       ||   928
       Headbutt          |    12 |    28 |    77 |   168 |   255 |   321 |   140 |   219 |  1011 ||  2231
       Morningstar       |       |       |       |   587 |  1214 |   713 |   557 |   704 |       ||  3775
       Demon whip        |       |       |       |       |       |   711 |       |    89 |  2585 ||  3385
       Mace              |       |       |       |       |       |     3 |       |       |       ||     3
Throw: Dart              |       |     6 |    42 |    53 |    43 |     4 |       |       |       ||   148
       Boomerang         |       |       |       |       |   271 |   373 |   171 |       |   415 ||  1230
       Javelin           |       |       |       |       |       |       |    87 |   380 |   330 ||   797
 Cast: Passwall          |       |       |       |       |       |       |       |     1 |     1 ||     2
       Apportation       |       |       |       |       |       |       |       |       |     1 ||     1
       Blink             |       |       |       |       |       |       |       |       |     1 ||     1
       Summon Butterflie |       |       |       |       |       |       |       |       |     1 ||     1
Invok: Heroism           |       |       |     3 |    12 |     7 |    17 |     7 |     4 |    19 ||    69
       Finesse           |       |       |       |     4 |       |    12 |     1 |     3 |     6 ||    26
 Abil: Evoke Blink       |       |       |       |       |       |     3 |       |       |       ||     3
       Evoke Flight      |       |       |       |       |       |     1 |       |       |       ||     1
Evoke: Wand              |       |       |       |       |    38 |    10 |       |       |    18 ||    66
       Tin of tremorston |       |       |       |       |     3 |       |       |       |       ||     3
       Phantom mirror    |       |       |       |       |     1 |       |       |       |       ||     1
  Use: Scroll            |       |     8 |     4 |     8 |    11 |    19 |     8 |    14 |    20 ||    92
       Potion            |       |       |       |     1 |     1 |     9 |     2 |     1 |     8 ||    22
 Stab: Distracted        |       |       |       |       |       |     1 |       |       |       ||     1
       Petrified         |       |       |       |       |       |       |       |       |     2 ||     2
  Eat: Ration            |     1 |     1 |     3 |     9 |    12 |    12 |     2 |     8 |    19 ||    67
       Chunk             |       |       |     2 |     2 |     3 |     3 |     7 |     6 |     6 ||    29
Armor: Scale mail        |    32 |     9 |       |       |       |       |       |       |       ||    41
       Chain mail        |       |    96 |    68 |       |    42 |       |       |       |   308 ||   514
       Plate armour      |       |       |   107 |   306 |   418 |   244 |       |       |       ||  1075
       Crystal plate arm |       |       |       |       |       |   277 |   266 |   244 |   433 ||  1220
Dodge: Dodged            |    26 |    53 |    79 |   133 |   240 |   280 |   142 |   165 |   628 ||  1746
Block: Kite shield       |    49 |   100 |   236 |   423 |   665 |   905 |   444 |   518 |  2301 ||  5641
